 Dungeon Crawl Stone Soup version 0.32-a0-871-ge202e49faa (webtiles) character file.

Game seed: 13975373300766079256

3077 dialectric the Fighter (level 9, -1/85 HPs)
             Began as a Minotaur Fighter on Mar 29, 2024.
             Constricted to death by Erica (3 damage)
             ... on level 8 of the Dungeon.
             The game lasted 00:07:27 (5176 turns).

dialectric the Fighter (Minotaur Fighter)           Turns: 5176, Time: 00:07:28

Health: -1/85      AC: 12    Str: 24    XL:     9   Next: 58%
Magic:  8/8        EV:  2    Int:  5    God:
Gold:   597        SH:  0    Dex: 11    Spells: 8/8 levels left

rFire   . . .        k - +6 shillelagh "Devastator" {shatter}
rCold   + . .        (no shield)
rNeg    . . .        o - +0 steam dragon scales
rPois   +            (helmet restricted)
rElec   .            n - +2 cloak
rCorr   .            y - +0 pair of gloves
SInv    .            (no boots)
Will    .....        (no amulet)
Stlth   +            j - ring of protection from cold
HPRegen 0.34/turn    l - ring of poison resistance
MPRegen 0.11/turn

%: no passive effects
@: slowed, constricted, very slow
A: horns 2, retaliatory headbutt
a: no special abilities


You were on level 8 of the Dungeon.
You visited 1 branch of the dungeon, and saw 8 of its levels.
You also visited: Ossuary.

You collected 597 gold pieces.

Inventory:

Hand Weapons
 a - a +0 flail
 f - the +7 sling of Qoiman {drain, Fly rF+}
   (You found it on level 7 of the Dungeon)

   rF+:       It protects you from fire.
   Fly:       It grants you flight.
 k - the +6 shillelagh "Devastator" (weapon) {shatter}
   (You found it on level 2 of the Dungeon)
 M - a +5 morningstar
Missiles
 q - 5 darts of dispersal (quivered)
 r - 9 poisoned darts
 J - a throwing net
Armour
 b - a +0 scale mail
 c - a +0 buckler
 i - a +0 plate armour
 n - a +2 cloak (worn)
 o - +0 steam dragon scales (worn)
 p - a +0 chain mail
 y - a +0 pair of gloves (worn)
Jewellery
 j - a ring of protection from cold (left hand)
 l - a ring of poison resistance (right hand)
 m - a ring of protection from fire
 x - an amulet of faith
 I - a ring of resist corrosion
Wands
 A - a wand of light (11)
 E - a wand of polymorph (14)
Scrolls
 g - 2 scrolls of vulnerability
 h - 2 scrolls of blinking {unknown}
 t - 2 scrolls of poison {unknown}
 u - 4 scrolls of teleportation
 w - a scroll of noise {unknown}
 C - a scroll of amnesia {unknown}
 D - a scroll of enchant weapon {unknown}
 L - 2 scrolls of enchant armour {unknown}
 O - a scroll of revelation {unknown}
Potions
 d - a potion of might
 e - 3 potions of brilliance
 s - 2 potions of ambrosia
 v - a potion of cancellation
 z - 2 potions of mutation
 B - 3 potions of lignification
 F - a potion of curing {unknown}
 G - a potion of haste
 H - a potion of enlightenment {unknown}
 K - a potion of degeneration
 N - a potion of heal wounds


   Skills:
 + Level 9.7 Fighting
 + Level 9.1 Maces & Flails
 + Level 9.5 Armour
 - Level 4.2 Dodging
 - Level 3.6 Shields


You had 8 spell levels left.
You didn't know any spells.
Your spell library contained the following spells:

 Spells                   Type           Power      Damage    Failure   Level
 Freeze                   Ice            0%         1d3       47%         1
 Call Imp                 Summ           0%         N/A       63%         2
 Sublimation of Blood     Necr           0%         N/A       63%         2
 Call Canine Familiar     Summ           0%         N/A       85%         3
 Frozen Ramparts          Ice            0%         1d1       85%         3
 Fugue of the Fallen      Necr           0%         N/A       85%         3
 Hailstorm                Conj/Ice       0%         3d5       85%         3
 Ozocubu's Armour         Ice            0%         N/A       85%         3
 Sigil of Binding         Hex            0%         N/A       85%         3
 Summon Ice Beast         Ice/Summ       0%         N/A       85%         3
 Tukima's Dance           Hex            0%         N/A       85%         3
 Volatile Blastmotes      Fire/Tloc      0%         2d10      85%         3
 Dimensional Bullseye     Hex/Tloc       0%         N/A       99%         4
 Iskenderun's Mystic Bla Conj/Tloc 0%             2d3        (+2d1     99%         4
 Yara's Violent Unravell  Hex/Alch       0%         3d3       100%        5
 Permafrost Eruption      Ice/Erth       0%         2x4d2     100%        6
 Sculpt Simulacrum        Ice/Alch       0%         N/A       100%        6
 Manifold Assault         Tloc           0%         N/A       100%        7
 Summon Hydra             Summ           0%         N/A       100%        7


Dungeon Overview and Level Annotations

Branches:
Dungeon (8/15)             Temple (0/1) D:5         Ossuary (visited)
   Lair: D:8-11

Altars:
Dithmenos
Elyvilon
Hepliaklqana
Makhleb
Qazlal
Trog
Wu Jian
Xom
Zin
The Shining One

Annotations:
D:8 Erica


Innate Abilities, Weirdness & Mutations

You have a pair of horns on your head.
You reflexively headbutt those who attack you in melee.


Message History

The ball of steam misses you.
You hit the steam dragon.
You kill the steam dragon!
You feel very sick.
No target in view!
Unknown command.
You feel very sick.
No target in view!
Unknown command.
Unknown command.
No target in view!
Unknown command.
No target in view!
You feel very sick. Something hits you but does no damage. Something grabs you.
You are constricted.
Erica's grasp on you weakens, but your attempt to escape fails.
You feel sick. Something hits you! Something burns you.
You are constricted.
You escape Erica's grasp.
You feel sick.
You feel sick.
You hear some strange, mumbled words.
You feel yourself slow down.
You feel sick. Something hits you but does no damage. Something grabs you.
You are constricted.
You hit something.
You feel sick. Something hits you. Something burns you.
You are constricted.
You closely miss something.
You feel sick.
You are no longer poisoned.
Something hits you!
* * * LOW HITPOINT WARNING * * *
Something burns you.
* * * LOW HITPOINT WARNING * * *
You are constricted.
* * * LOW HITPOINT WARNING * * *
Something hits you!
* * * LOW HITPOINT WARNING * * *
Something burns you.
* * * LOW HITPOINT WARNING * * *
You are constricted.
You die...

# #. #.### # ....## .#
....##.# # #..(.. ..#
#...#
....##.@.#############
.......{.............#
....##..[###########.#
... #%..# #.# . #...#
###.# #...# #...#
#...# #.### #...# #.#
#.... #[#


There were no monsters in sight!

Vanquished Creatures
  Prince Ribbit (D:5)
  Grinder (D:3)
  A wyvern (D:7)
  2 steam dragons
  A water moccasin (D:7)
  A sky beast (D:7)
  2 black bears (D:6)
  3 phantoms
  A scorpion (D:5)
  10 wights
  3 crimson imps (D:6)
  3 hounds
  2 orc priests
  2 gnoll boudas (D:6)
  3 jellies
  Natasha (twice) (D:3)
  Terence (D:2)
  5 iguanas
  4 orc wizards
  8 mummies (Ossuary)
  8 gnolls (D:6)
  6 adders
  3 shadow imps
  A white imp (D:6)
  2 ufetubi (D:6)
  2 dart slugs
  A ribbon worm (D:3)
  16 orcs
  7 endoplasms
  4 giant cockroaches
  2 gnoll zombies (Ossuary)
  9 goblins
  7 hobgoblins
  4 jackals (D:1)
  5 quokkas
  6 ball pythons
  2 bats (D:1)
  5 frilled lizards
  A hobgoblin zombie (Ossuary)
  2 kobolds
  2 kobold zombies (Ossuary)
  3 orc zombies (Ossuary)
  8 rats
162 creatures vanquished.

Notes
Turn   | Place    | Note
-------+----------+-------------------------------------------
     0 | D:1      | dialectric the Minotaur Fighter began the quest for the
                  | Orb.
     0 | D:1      | Reached XP level 1. HP: 19/19 MP: 0/0
   106 | D:1      | Reached XP level 2. HP: 27/27 MP: 1/1
   167 | D:1      | Reached skill level 1 in Dodging
   426 | D:2      | Reached XP level 3. HP: 33/33 MP: 2/2
   531 | D:2      | Found the +6 shillelagh "Devastator" {shatter}
  1216 | D:2      | Noticed Terence
  1222 | D:2      | Killed Terence
  1223 | D:2      | Reached XP level 4. HP: 41/41 MP: 3/3
  1453 | D:3      | Reached XP level 5. HP: 46/47 MP: 4/4
  1470 | D:3      | Found a stormy altar of Qazlal.
  1538 | D:3      | Found a bloodstained altar of Trog.
  1538 | D:3      | Found a shadowy altar of Dithmenos.
  1565 | D:3      | Noticed Natasha
  1567 | D:3      | Killed Natasha
  1574 | D:3      | Found a hazy altar of Hepliaklqana.
  1588 | D:3      | Noticed Grinder
  1595 | D:3      | Killed Grinder
  1596 | D:3      | Reached skill level 5 in Fighting
  1596 | D:3      | Reached skill level 5 in Armour
  1596 | D:3      | Reached XP level 6. HP: 56/56 MP: 5/5
  1623 | D:3      | Found a glowing silver altar of Zin.
  1623 | D:3      | Found a glowing golden altar of the Shining One.
  1623 | D:3      | Found a white marble altar of Elyvilon.
  1688 | D:3      | Noticed Natasha
  1693 | D:3      | Killed Natasha
  2088 | D:4      | Reached XP level 7. HP: 62/62 MP: 6/6
  2096 | D:4      | Reached skill level 5 in Maces & Flails
  2349 | D:5      | Entered Level 5 of the Dungeon
  2441 | D:5      | Found a staircase to the Ecumenical Temple.
  2598 | D:5      | Found an ornate altar of the Wu Jian Council.
  2674 | D:5      | Noticed Prince Ribbit
  2680 | D:5      | Killed Prince Ribbit
  2681 | D:5      | Reached XP level 8. HP: 45/71 MP: 7/7
  2682 | D:5      | Found a sand-covered staircase.
  2699 | Ossuary  | Entered an ossuary
  3717 | D:6      | Found a burning altar of Makhleb.
  4083 | D:6      | Found a shimmering altar of Xom.
  4095 | D:6      | Reached XP level 9. HP: 68/82 MP: 8/8
  4142 | D:6      | Got Syjeirut's Encyclopedia of the Iotic Geodesic
  4846 | D:7      | Identified the +7 sling of Qoiman {drain, Fly rF+}
  5161 | D:8      | Noticed Erica
  5176 | D:8      | HP: 2/85 [something (3)]
  5176 | D:8      | Constricted to death by Erica

Illustrated notes

Levels and vault maps discovered:
D:1:      heliophobic_arrival_battle_scene, layout_basic, minmay_splitting_lines
D:2:      layout_basic, uniq_terence
D:3:      layout_basic, good_gods_mini_temple, nicolae_qazlal_general_emergency,
          nicolae_hepliaklqana_hazy_memory, gammafunk_temple_overflow_wave,
          uniq_natasha, uniq_grinder
D:4:      layout_cave_pools
D:5:      layout_cave_pods, mainiacjoe_overflow_surrounded_room,
          minmay_temple_entry_overgrown, nicolae_ossuary_entry_ruins,
          hangedman_abyss_or_decor_jellyfish_corner, uniq_prince_ribbit1
D:6:      layout_basic, led_xom_imps, kennysheep_little_box,
          corexii_corridor_pit
D:7:      layout_loops_ring
D:8:      layout_loops_ring, kennysheep_just_a_vault, uniq_maurice, uniq_psyche,
          uniq_erica

Skill      XL: |  1  2  3  4  5  6  7  8  9 |
---------------+----------------------------+-----
Dodging        | 1 2 3 4 |  4.2
Fighting       | 4 5 6 8 9 |  9.7
Armour         | 4 5 6 8 9 |  9.5
Maces & Flails | 3 4 6 7 9 |  9.1
Shields        | |  3.6

Action                     |  1- 3 |  4- 6 |  7- 9 || total
---------------------------+-------+-------+-------++-------
  Melee: Flail             |    72 |       |       ||    72
         Headbutt          |     7 |     5 |    23 ||    35
         Shillelagh        |    16 |    51 |   141 ||   208
    Use: Scroll            |       |       |    10 ||    10
 Armour: Scale mail        |    81 |    17 |   113 ||   211
         Steam dragon scal |       |       |    17 ||    17
  Dodge: Dodged            |    48 |    19 |    74 ||   141

Table legend: (Time is in decaauts)
 A = Elapsed time spent in this place.
 B = Non-inter-level travel time spent in this place.
 C = Inter-level travel time spent in this place.
 D = Time resting spent in this place.
 E = Time spent auto-exploring this place.
 F = Levels seen in this place.
 G = Mean time per level.
                   A        B        C        D        E       F      G
               +--------+--------+--------+--------+--------+-----+--------+
         Total |   5191 |   4924 |    267 |      0 |   3853 |   9 |  576.8 |
       Dungeon |   4920 |   4653 |    267 |      0 |   3659 |   8 |  615.0 |
       Ossuary |    270 |    270 |      0 |      0 |    194 |   1 |  270.0 |
               +--------+--------+--------+--------+--------+-----+--------+

Top non-repeatable levels by time:
     D:2: 978 daAuts
     D:6: 892 daAuts
     D:5: 886 daAuts
     D:7: 731 daAuts
     D:3: 527 daAuts
     D:4: 450 daAuts
     D:1: 415 daAuts
 Ossuary: 270 daAuts
     D:8: 37 daAuts
